Map: Green Acres

Players

Harambelover

  • Race: Terran Terran
  • Spawn Location: 1:00

KaboomXD

  • Race: Protoss Protoss
  • Spawn Location: 3:00

BiHTech

  • Race: Terran Terran
  • Spawn Location: 12:00

SerMac - Winner!

  • Race: Protoss Protoss
  • Spawn Location: 7:00

petrgon - Winner!

  • Race: Zerg Zerg
  • Spawn Location: 9:00

XsReD - Winner!

  • Race: Terran Terran
  • Spawn Location: 6:00

VOD

Have the link to the VOD?

Description

Time

  • Played on: May 6, 2017, 8:06 p.m.
  • Length: 13:27
Show
View Real Time Build Order
Export as new Build Order

Harambelover Terran 

Build Orders:  

Get SALT Encoding   

  12  0:01  SCV  
  13  0:13  SCV  
  14  0:18  Supply Depot  
  14  0:30  SCV  
  15  0:41  Barracks  
  15  0:47  Refinery  
  15  0:48  SCV  
  16  1:00  SCV  
  17  1:12  SCV  
  18  1:19  Supply Depot  
  18  1:25  SCV  
  19  1:32  Reaper  
  20  1:44  Barracks  
  20  2:04  Reaper  
  21  2:12  Command Center  
  21  2:36  Barracks Reactor  
  21  2:42  SCV  
  21  2:43  Barracks Reactor  
  22  2:54  SCV  
  22  2:55  Engineering Bay  
  23  3:03  Refinery  
  22  3:39  Reaper x3  
  22  3:40  Reaper  
  25  4:04  Barracks  
  25  4:06  Factory  
  25  4:11  Marine x4  
  29  4:27  SCV  
  30  4:51  Barracks Tech Lab, Factory Tech Lab  
  30  4:52  Barracks  
  30  5:15  Marine  
  30  5:16  Marine x4  
  35  5:27  Siege Tank  
  38  5:33  Marine x3  
  38  5:34  Marine x2  
  43  5:51  Marine x3  
  46  6:15  Supply Depot  
  46  6:16  Supply Depot  
  46  6:18  Barracks Tech Lab  
  46  6:35  Marine  
  46  6:36  SCV, Siege Tank  
  46  6:39  Supply Depot  
  47  6:40  Supply Depot  
  47  6:48  SCV  
  48  7:00  SCV  
  49  7:03  Supply Depot  
  49  7:05  Supply Depot  
  49  7:13  SCV  
  50  7:17  Combat Shields  
  50  7:20  Marine, Marauder  
  50  7:21  Marine x2, Marauder  
  57  7:42  Marauder  
  59  7:58  Starport  
  59  8:01  Armory  
  59  8:02  Terran Infantry Weapons Level 1  
  59  8:13  SCV  
  60  8:25  SCV  
  61  8:36  Stimpack  
  61  8:37  SCV, Starport  
  62  8:42  Siege Tank  
  65  8:49  Refinery  
  65  8:50  SCV, Refinery  
  66  9:02  SCV  
  67  9:14  SCV  
  67  9:15  Siege Tank  
  71  9:25  Marine  
  71  9:26  Marine x5, SCV  
  78  9:38  SCV  
  79  9:43  Marine x3  
  79  9:44  Marine x3  
  84  9:56  Terran Infantry Armor Level 1  
  67  10:09  Marine x2  
  67  10:10  Marine x2  
  71  10:18  Orbital Command  
  71  10:45  Marine  
  71  10:46  Marine x5  
  76  11:03  Marine  
  76  11:04  Marine x3  
  69  11:05  Marine  
  69  11:06  Marauder  
  56  11:21  Marine x3  
  56  11:22  Marine  
  56  11:23  Marine  
  61  11:27  Marine  
  62  11:39  Marine x4  
  58  11:41  Marine  
  58  11:45  Planetary Fortress  
  54  11:56  Marine  
  54  11:57  Marine x3  
  54  11:59  Marine  
  51  12:14  Marine  
  51  12:15  Marine x3  
  55  12:17  Marine  
  56  12:32  Marine  
  56  12:33  Marine x3  
  56  12:34  Marine  
  61  12:49  Missile Turret  
  61  12:51  Marine  
  28  13:10  Missile Turret  
Show
View Real Time Build Order
Export as new Build Order

KaboomXD Protoss 

Build Orders:  

Get SALT Encoding   

  12  0:06  Probe (Chrono Boost)  
  13  0:17  Probe (Chrono Boost)  
  14  0:22  Assimilator  
  14  0:28  Assimilator, Probe (Chrono Boost)  
  15  0:42  Pylon  
  15  1:02  Forge  
  15  1:30  Gateway  
  15  1:31  Probe (Chrono Boost)  
  16  1:42  Probe (Chrono Boost)  
  17  1:52  Probe (Chrono Boost)  
  18  2:03  Probe (Chrono Boost)  
  19  2:30  Zealot  
  21  2:59  Pylon  
  21  3:02  Pylon  
  21  3:05  Pylon  
  21  3:10  Probe (Chrono Boost)  
  22  3:18  Cybernetics Core  
  22  3:21  Probe (Chrono Boost)  
  23  3:31  Probe (Chrono Boost)  
  24  3:42  Probe (Chrono Boost)  
  24  3:45  Pylon, Zealot  
  27  3:49  Pylon  
  27  3:51  Pylon  
  27  3:52  Probe (Chrono Boost)  
  27  3:55  Nexus  
  28  4:02  Assimilator  
  28  4:07  Assimilator  
  28  4:12  Photon Cannon, Zealot  
  30  4:20  Photon Cannon  
  30  4:30  Photon Cannon  
  30  4:48  Stalker  
  32  5:18  Stalker  
  34  5:22  Probe (Chrono Boost)  
  34  5:27  Mothership Core (Chrono Boost)  
  37  5:33  Probe (Chrono Boost)  
  38  5:43  Gateway, Probe (Chrono Boost)  
  38  5:45  Probe (Chrono Boost), Gateway  
  40  5:54  Probe (Chrono Boost)  
  40  5:56  Probe (Chrono Boost)  
  42  6:03  Warp Gate  
  42  6:04  Probe (Chrono Boost)  
  42  6:06  Probe (Chrono Boost)  
  44  6:15  Pylon  
  44  6:17  Probe (Chrono Boost)  
  45  6:19  Pylon  
  45  6:22  Pylon  
  45  6:24  Pylon  
  45  6:46  Probe (Chrono Boost)  
  46  6:57  Probe (Chrono Boost)  
  47  7:02  Photon Cannon  
  47  7:05  Photon Cannon  
  47  7:08  Photon Cannon, Probe (Chrono Boost)  
  48  7:11  Photon Cannon  
  48  7:18  Probe (Chrono Boost), Nexus  
  49  7:25  Assimilator  
  49  7:29  Assimilator, Probe (Chrono Boost)  
  50  7:39  Probe (Chrono Boost)  
  51  7:46  Probe (Chrono Boost)  
  51  7:50  Probe (Chrono Boost)  
  53  7:56  Probe (Chrono Boost)  
  53  7:57  Protoss Air Weapons Level 1  
  54  8:00  Probe (Chrono Boost)  
  55  8:07  Probe (Chrono Boost)  
  55  8:11  Probe (Chrono Boost)  
  57  8:12  Twilight Council  
  57  8:14  Stargate  
  57  8:17  Probe (Chrono Boost)  
  57  8:18  Robotics Facility  
  58  8:36  Probe (Chrono Boost)  
  58  8:40  Probe (Chrono Boost)  
  60  8:47  Probe (Chrono Boost)  
  61  8:50  Probe (Chrono Boost)  
  62  8:57  Probe (Chrono Boost)  
  62  9:01  Probe (Chrono Boost)  
  64  9:08  Probe (Chrono Boost)  
  65  9:11  Probe (Chrono Boost), Warp Prism  
  68  9:18  Probe (Chrono Boost)  
  68  9:19  Pylon  
  68  9:22  Pylon, Probe (Chrono Boost)  
  70  9:25  Pylon  
  70  9:29  Probe (Chrono Boost)  
  71  9:32  Probe (Chrono Boost)  
  72  9:39  Probe (Chrono Boost)  
  72  9:43  Dark Shrine, Probe (Chrono Boost)  
  74  9:50  Probe (Chrono Boost)  
  74  9:51  Protoss Air Armor Level 1  
  75  9:53  Probe (Chrono Boost)  
  73  10:00  Probe (Chrono Boost)  
  73  10:01  Sentry  
  73  10:02  Sentry  
  73  10:03  Sentry  
  73  10:04  Probe (Chrono Boost)  
  78  10:30  Sentry x2  
  73  10:54  Pylon  
  73  10:57  Pylon  
  73  11:01  Pylon  
  68  11:05  Pylon  
  68  11:09  Void Ray  
  68  11:10  Dark Templar  
  18  12:20  Gateway  
  16  12:24  Gateway  
  16  12:26  Gateway  
  16  12:30  Gateway  
  16  12:33  Gateway  
  16  12:36  Gateway  
  16  12:37  Sentry x2  
  16  12:38  Gateway, Sentry  
Show
View Real Time Build Order
Export as new Build Order

BiHTech Terran 

Build Orders:  

Get SALT Encoding   

  12  0:05  SCV  
  13  0:21  Supply Depot  
  13  0:27  Refinery  
  13  0:46  Barracks  
  14  0:50  SCV  
  14  1:02  SCV  
  15  1:12  Engineering Bay  
  15  1:14  SCV  
  16  1:37  Supply Depot  
  16  1:40  Terran Infantry Weapons Level 1  
  16  1:54  Missile Turret  
  16  1:58  Barracks Reactor  
  16  2:25  Bunker  
  16  2:35  Marine  
  16  2:36  Marine  
  18  2:45  Supply Depot  
  18  2:53  Marine  
  18  2:54  Marine, Refinery  
  18  2:55  SCV  
  21  3:08  SCV  
  21  3:11  Marine x2  
  24  3:20  SCV  
  24  3:23  Missile Turret  
  25  3:28  Marine  
  25  3:29  Marine  
  27  3:38  Factory  
  27  3:42  SCV  
  27  3:46  Marine  
  27  3:47  Marine  
  30  3:54  SCV  
  31  4:04  Marine  
  31  4:05  Marine  
  31  4:06  Supply Depot  
  33  4:40  Supply Depot  
  33  4:47  Factory Tech Lab  
  33  5:00  Armory  
  33  5:01  Marine x2  
  35  5:11  Siege Tank  
  38  5:19  Marine x2  
  40  5:25  Supply Depot  
  40  5:29  Supply Depot  
  40  5:37  Marine x2  
  42  5:47  SCV  
  43  5:54  Marine  
  43  5:55  Marine  
  45  5:59  SCV  
  46  6:10  Ghost Academy  
  46  6:11  Supply Depot, SCV  
  46  6:16  Terran Vehicle Weapons Level 1  
  47  6:24  SCV  
  48  6:37  Barracks  
  48  6:39  Marine x2  
  50  6:57  Marine x2  
  52  7:15  Marine x2  
  54  7:31  Barracks Reactor  
  54  7:39  Hellion  
  56  7:54  Nuke  
  56  8:00  Hellion  
  58  8:10  Barracks, Supply Depot  
  58  8:22  Hellion  
  60  8:34  Marine x2  
  60  8:37  Marine, Personal Cloaking  
  63  8:43  Hellion  
  65  8:50  Command Center  
  65  8:52  Marine x2  
  67  9:05  Hellion  
  69  9:10  Marine  
  70  9:18  Refinery  
  70  9:26  Siege Tank  
  73  9:42  Barracks Tech Lab  
  73  9:55  Missile Turret  
  73  9:58  Siege Tank  
  44  11:14  Marine x2  
  44  11:16  Marine  
  44  11:18  Marine x2  
  44  11:23  Siege Tank  
  49  11:32  Marine x2  
  51  11:34  Marine  
  51  11:35  SCV  
  51  11:36  Marine x2  
  55  11:47  SCV  
  55  11:49  Marine  
  55  11:50  Marine  
  55  11:51  Marine  
  55  11:54  Marine  
  52  11:55  Siege Tank  
  52  11:59  SCV  
  45  12:09  Marine  
  45  12:11  SCV  
  10  12:40  SCV  
  4  12:52  SCV  
  5  13:04  SCV  
Show
View Real Time Build Order
Export as new Build Order

SerMac Protoss - Winner!

Build Orders: Nexus First 

Get SALT Encoding   

  12  0:05  Probe (Chrono Boost)  
  13  0:15  Probe (Chrono Boost)  
  13  0:19  Pylon  
  14  0:26  Probe (Chrono Boost)  
  15  0:37  Probe (Chrono Boost)  
  16  0:48  Probe (Chrono Boost)  
  17  0:58  Probe (Chrono Boost)  
  18  1:05  Nexus  
  18  1:18  Forge, Probe (Chrono Boost)  
  19  1:24  Assimilator  
  19  1:36  Probe (Chrono Boost)  
  20  1:53  Probe (Chrono Boost)  
  21  2:04  Gateway  
  21  2:16  Pylon  
  20  2:30  Probe (Chrono Boost)  
  20  2:32  Probe (Chrono Boost)  
  22  2:38  Pylon  
  22  2:43  Probe (Chrono Boost)  
  22  2:44  Pylon  
  23  2:48  Probe (Chrono Boost)  
  24  2:52  Assimilator  
  24  2:53  Probe (Chrono Boost)  
  24  2:57  Cybernetics Core  
  26  2:58  Probe (Chrono Boost)  
  26  3:04  Pylon, Probe (Chrono Boost)  
  27  3:15  Probe (Chrono Boost)  
  28  3:25  Probe (Chrono Boost)  
  29  3:28  Photon Cannon  
  29  3:29  Photon Cannon  
  29  3:30  Photon Cannon  
  29  3:36  Photon Cannon  
  29  3:40  Probe (Chrono Boost)  
  30  3:45  Photon Cannon  
  30  3:46  Photon Cannon  
  30  3:50  Probe (Chrono Boost)  
  30  3:55  Probe (Chrono Boost)  
  32  3:59  Stargate  
  32  4:01  Probe (Chrono Boost)  
  33  4:05  Probe (Chrono Boost)  
  34  4:12  Probe (Chrono Boost)  
  34  4:16  Probe (Chrono Boost)  
  36  4:22  Probe (Chrono Boost)  
  37  4:26  Probe (Chrono Boost)  
  38  4:33  Probe (Chrono Boost)  
  38  4:37  Probe (Chrono Boost)  
  40  4:43  Probe (Chrono Boost)  
  41  4:47  Assimilator, Probe (Chrono Boost), Fleet Beacon  
  41  4:48  Assimilator  
  42  4:54  Probe (Chrono Boost)  
  42  4:58  Probe (Chrono Boost)  
  44  5:02  Pylon  
  44  5:04  Probe (Chrono Boost)  
  45  5:22  Photon Cannon  
  45  5:27  Photon Cannon  
  45  5:31  Photon Cannon  
  45  5:35  Probe (Chrono Boost)  
  46  5:36  Photon Cannon  
  46  5:46  Carrier, Probe (Chrono Boost)  
  53  5:56  Probe (Chrono Boost)  
  54  5:58  Photon Cannon  
  54  6:01  Photon Cannon x2  
  54  6:05  Photon Cannon  
  54  6:07  Probe (Chrono Boost)  
  55  6:15  Stargate  
  55  6:17  Probe (Chrono Boost)  
  56  6:23  Pylon  
  56  6:24  Pylon  
  56  6:27  Pylon  
  56  6:29  Pylon x2  
  56  6:32  Pylon  
  56  6:37  Stargate  
  56  6:41  Stargate  
  56  7:06  Carrier  
  62  7:11  Carrier  
  68  7:16  Graviton Catapult  
  68  7:18  Protoss Air Weapons Level 1  
  68  7:25  Mothership Core (Chrono Boost)  
  70  7:41  Nexus  
  70  7:48  Pylon  
  76  8:13  Anion Pulse-Crystals  
  76  8:22  Photon Cannon  
  76  8:23  Photon Cannon  
  76  8:26  Photon Cannon  
  76  8:27  Photon Cannon  
  76  8:31  Photon Cannon x2  
  76  8:35  Photon Cannon  
  76  8:43  Photon Cannon  
  76  8:44  Photon Cannon  
  76  8:46  Pylon  
  76  8:51  Photon Cannon  
  76  8:54  Photon Cannon  
  76  9:00  Probe (Chrono Boost)  
  77  9:06  Carrier x2  
  89  9:11  Probe (Chrono Boost)  
  89  9:15  Carrier  
  96  9:22  Probe (Chrono Boost)  
  97  9:25  Assimilator  
  97  9:27  Assimilator  
  97  9:28  Pylon  
  97  9:32  Pylon, Probe (Chrono Boost)  
  98  9:43  Probe (Chrono Boost)  
  79  11:07  Carrier x3  
  97  11:16  Mothership Core (Chrono Boost)  
  99  11:21  Photon Cannon  
  99  11:24  Photon Cannon  
  99  11:25  Photon Cannon  
  99  11:36  Photon Cannon  
  99  11:37  Photon Cannon  
  99  11:41  Photon Cannon  
  99  11:42  Photon Cannon  
Show
View Real Time Build Order
Export as new Build Order

petrgon Zerg - Winner!

Build Orders: Pool First, Bio Tank 

Get SALT Encoding   

  12  0:08  Drone  
  12  0:09  Drone  
  14  0:17  Overlord  
  14  0:23  Extractor  
  14  0:24  Drone  
  15  0:36  Drone  
  16  0:45  Spawning Pool  
  16  0:46  Drone  
  16  0:54  Drone  
  17  1:12  Drone  
  18  1:36  Zergling x6  
  21  1:46  Hatchery, Queen  
  22  1:52  Overlord  
  22  2:15  Zergling x4  
  24  2:35  Zergling x2  
  24  2:36  Zergling x2  
  25  2:44  Zergling x2  
  25  2:48  Extractor  
  25  2:52  Drone  
  26  3:02  Drone  
  27  3:13  Drone  
  28  3:38  Drone x2  
  30  3:42  Drone x4  
  30  3:45  Extractor  
  33  3:52  Drone x2  
  35  4:04  Overlord x2  
  35  4:10  Overlord  
  35  4:13  Zergling x2  
  36  4:19  Extractor  
  36  4:22  Queen, Extractor  
  36  4:38  Drone x3  
  39  4:41  Zergling x6  
  39  4:42  Zergling x4  
  44  4:54  Drone  
  44  4:59  Drone  
  46  5:14  Metabolic Boost  
  46  5:20  Lair, Baneling Nest  
  45  5:22  Burrow  
  45  5:25  Zergling x8  
  45  5:26  Zergling x2  
  50  5:37  Drone x2, Zergling x2  
  53  5:45  Drone x4  
  54  6:05  Drone  
  54  6:06  Drone  
  56  6:30  Drone x3  
  56  6:31  Drone  
  60  6:33  Evolution Chamber  
  59  6:49  Hatchery  
  59  6:51  Drone, Extractor  
  59  6:52  Drone x2  
  59  6:53  Overlord x4  
  59  6:54  Overlord  
  60  6:57  Pneumatized Carapace  
  60  7:05  Nydus Network  
  59  7:10  Infestation Pit  
  59  7:12  Spire  
  57  7:16  Drone x4  
  57  7:17  Hydralisk Den  
  60  7:42  Drone  
  60  7:43  Drone x5  
  66  7:46  Hydralisk  
  66  7:47  Hydralisk x2  
  72  7:58  Extractor  
  71  8:02  Drone  
  72  8:06  Queen  
  74  8:16  Muscular Augments  
  74  8:21  Pathogen Glands  
  74  8:26  Centrifical Hooks  
  74  8:30  Zerg Missile Weapons Level 1  
  74  8:35  Drone x2  
  74  8:36  Drone  
  77  9:00  Drone x2  
  79  9:04  Drone  
  79  9:05  Drone  
  79  9:08  Hive  
  81  9:12  Hydralisk x2  
  81  9:13  Hydralisk x6  
  81  9:14  Hydralisk  
  99  9:17  Neural Parasite  
  99  9:21  Overlord  
  99  9:22  Overlord  
  99  9:29  Baneling x5  
  99  9:30  Baneling x4  
  99  9:33  Baneling  
  99  9:34  Baneling  
  99  9:56  Evolution Chamber  
  95  10:15  Baneling  
  95  10:16  Baneling x23  
  95  10:18  Hydralisk  
  95  10:19  Hydralisk  
  99  10:23  Zergling x2, Overlord x2  
  99  10:24  Zergling x18  
  109  10:30  Drone x3  
  109  10:32  Drone x2  
  109  10:34  Drone  
  100  10:54  Mutalisk x6  
  109  11:24  Hydralisk  
  109  11:25  Hydralisk x9  
  121  12:06  Hydralisk  
  121  12:07  Hydralisk x7  
  136  12:10  Overlord x2  
  136  12:11  Overlord x5  
  136  12:29  Mutalisk x3  
  142  12:30  Mutalisk x2  
  146  12:39  Drone x2  
Show
View Real Time Build Order
Export as new Build Order

XsReD Terran - Winner!

Build Orders: Command Center First (CC) 

Get SALT Encoding   

  12  0:01  SCV  
  13  0:13  SCV  
  14  0:19  Supply Depot  
  14  0:25  SCV  
  15  0:41  SCV  
  16  0:53  SCV  
  17  1:02  Command Center  
  17  1:06  SCV  
  18  1:15  Barracks  
  18  1:18  SCV  
  18  1:25  Refinery  
  19  1:31  SCV  
  20  1:41  Refinery  
  20  1:43  SCV  
  21  1:55  SCV  
  21  1:59  Barracks  
  22  2:07  SCV  
  23  2:13  Orbital Command  
  23  2:20  Orbital Command  
  23  2:25  Barracks Reactor  
  23  2:31  Factory  
  23  2:43  SCV  
  24  2:48  Barracks Tech Lab  
  24  2:50  SCV  
  25  2:55  SCV  
  26  3:02  SCV  
  26  3:04  Supply Depot  
  27  3:07  SCV  
  27  3:08  Marine x3  
  27  3:11  Combat Shields  
  31  3:15  SCV  
  29  3:26  Marine  
  29  3:32  SCV  
  29  3:33  SCV  
  31  3:44  SCV  
  31  3:45  SCV, Factory Tech Lab  
  33  3:48  Marine x2  
  33  3:49  Marine, Starport  
  36  4:03  SCV x2  
  36  4:06  Marine x3  
  41  4:15  SCV x2  
  43  4:18  Supply Depot  
  43  4:22  Supply Depot  
  43  4:24  Marine x2  
  43  4:27  SCV  
  43  4:30  Engineering Bay  
  43  4:31  Stimpack  
  46  4:35  Starport Reactor  
  46  4:40  SCV x2, Siege Tank  
  51  4:46  Engineering Bay  
  51  4:52  SCV x2  
  53  4:57  Supply Depot  
  53  5:04  SCV x2  
  53  5:05  Refinery  
  53  5:06  Marine x3  
  58  5:09  Refinery  
  58  5:11  Terran Infantry Weapons Level 1  
  58  5:13  Supply Depot, Terran Infantry Armor Level 1  
  58  5:21  Supply Depot  
  58  5:31  SCV  
  58  5:32  SCV  
  58  5:33  Command Center  
  58  5:35  Medivac x2  
  64  5:36  Supply Depot  
  64  5:44  SCV x2  
  66  5:56  SCV x2  
  68  5:57  Marine x3  
  71  6:05  Medivac x2  
  71  6:08  SCV x2  
  71  6:10  Barracks  
  77  6:11  Barracks  
  77  6:15  Marine x3  
  80  6:20  SCV x2  
  80  6:24  Siege Tank  
  85  6:32  SCV x2  
  87  6:33  Marine x3  
  90  6:42  Medivac x2  
  90  6:45  SCV x2  
  96  6:49  Orbital Command  
  96  6:50  Marine x2  
  96  6:51  Marine  
  99  6:56  Siege Tank  
  102  7:05  Supply Depot x2  
  102  7:08  Marine x3  
  102  7:15  Barracks Reactor x2  
  105  7:17  SCV  
  106  7:24  Armory  
  106  7:28  Supply Depot x2  
  106  7:33  Refinery  
  106  7:34  SCV x2  
  106  7:35  SCV, Refinery  
  106  7:36  Marine x3  
  112  7:37  Medivac  
  112  7:39  Medivac  
  112  7:43  Siege Tank  
  119  7:51  Supply Depot  
  119  7:53  Supply Depot  
  119  7:54  Marine  
  120  8:00  SCV x3  
  123  8:07  Marine  
  123  8:08  Marine x5  
  123  8:10  Medivac x2  
  123  8:11  Marine  
  134  8:13  Supply Depot  
  134  8:15  Supply Depot, Terran Infantry Armor Level 2, Siege Tank  
  134  8:17  SCV x3  
  140  8:29  SCV x3  
  140  8:30  Command Center  
  143  8:37  Terran Infantry Weapons Level 2  
  143  8:40  Terran Vehicle Weapons Level 1  
  143  8:41  SCV x2  
  143  8:42  Marine x7, SCV  
  143  8:47  Siege Tank  
  156  8:59  Supply Depot x2, Marine  
  156  9:00  Supply Depot, Marine  
  156  9:01  Marine x3  
  156  9:02  Marine x2  
  163  9:03  Medivac  
  163  9:04  Medivac  
  167  9:17  Marine x2  
  167  9:19  Marine, Siege Tank  
  167  9:20  Marine  
  174  9:26  Barracks  
  174  9:29  Barracks  
  174  9:37  Marine x6  
  180  9:48  Marine  
  180  9:51  Siege Tank  
  184  9:54  Marine  
  184  9:55  Marine x4  
  189  10:17  Barracks  
  189  10:18  Barracks Reactor x2  
  189  10:20  Barracks  
  189  10:22  Marine x7  
  189  10:24  Siege Tank  
  189  10:28  Orbital Command  
  199  10:32  Refinery x2  
  199  10:34  Terran Vehicle And Ship Armor Level 1  
  199  10:35  Missile Turret  
  199  10:39  Marine  
  200  10:56  Missile Turret  
  163  11:08  Barracks  
  163  11:10  Barracks  
  153  11:12  Barracks Reactor  
  153  11:13  Marine, Barracks Reactor  
  153  11:14  Marine x7  
  153  11:16  Siege Tank  
  153  11:17  Missile Turret  
  153  11:18  Medivac x2  
  167  11:30  Liberator x2  
  167  11:41  Marine x2  
  167  11:46  Marine x6  
  167  11:47  Marine x3  
  175  11:48  Siege Tank  
  187  11:59  Marine x2  
  188  12:04  Marine x2  
  183  12:20  Siege Tank  
  186  12:30  Medivac x2  
  186  12:32  Barracks Reactor x2  
  186  12:33  Marine  
  186  12:34  Marine x9  
Tags
 
Add a new tag
Caveats
  • Supply blocks, unpowered buildings, or Contaminate may cause inaccurate times.
  • Supply counts are checked every 10 seconds.